 Dungeon Crawl Stone Soup version 0.15-a0-94-g674142f (webtiles) character file.

93033 Kae the Bludgeoner (level 15, 0/109 HPs)
             Began as a Minotaur Fighter on Apr 9, 2014.
             Was the Champion of Okawaru.
             Slain by a frost giant
             ... wielding a +1,+2 battleaxe of freezing
              (11 damage)
             ... on Level 15 of the Dungeon.
             The game lasted 01:03:53 (27702 turns).

Kae the Bludgeoner (Minotaur Fighter)              Turns: 27702, Time: 01:03:53

HP   0/109       AC 38     Str 20 (21) XL: 15   Next: 52%
MP   5/5         EV  7     Int  9      God: Okawaru [******]
Gold 2546        SH  0     Dex  9      Spells:  0 memorised, 14 levels left

rFire  . . .     SeeInvis +     Z - +13,+2 great mace of Trial by Ordeal {distort, Int+1}
rCold  . . .     Clarity  .     F - +10 plate armour of the Barber Surgeon {Str-2 Dex-2}
rNeg   . . .     Conserve .     (no shield)
rPois  +         rCorr    .     l - +2 hat
rElec  .         rRot     .     D - +2 cloak {rPois}
SustAb . .       Spirit   .     B - +1 pair of gloves
rMut   .         Warding  .     H - +0 pair of boots {Fly}
Saprov . . .     Stasis   .     C - amulet of faith
MR     +....                    r - cursed ring of see invisible
                                s - ring of sustenance

@: flying, somewhat resistant to hostile enchantments, extremely unstealthy
A: retaliatory headbutt, horns 2, slimy green scales 1, deterioration 1, frail
2, low mp 1
a: Heroism, Finesse, Renounce Religion, Stop Flying


You were on level 15 of the Dungeon.
You worshipped Okawaru.
Okawaru was exalted by your worship.
You were not hungry.

You visited 4 branches of the dungeon, and saw 28 of its levels.

You collected 2546 gold pieces.

Inventory:

Hand weapons
 e - a +2,+3 morningstar
 j - the +2,+3 dagger "Beetleslayer" {speed, Int-1 Curse}
   (Okawaru gifted it to you on level 5 of the Lair of Beasts)

   Attacks with this weapon are significantly faster.
   It affects your intelligence (-1).
   It may recurse itself when equipped.
 Z - the +13,+2 great mace of Trial by Ordeal (weapon) {distort, Int+1}
   (Okawaru gifted it to you on level 3 of the Lair of Beasts)

   It warps and distorts space around it.
   Unwielding it can cause banishment or high damage.
   It affects your intelligence (+1).
Missiles
 t - 15 tomahawks (quivered)
Armour
 l - a +2 hat (worn)
 B - a +1 pair of gloves (worn)
 D - a +2 cloak of poison resistance (worn)
 F - the +10 plate armour of the Barber Surgeon (worn) {Str-2 Dex-2}
   (You found it on level 8 of the Dungeon)

   It affects your strength (-2).
   It affects your dexterity (-2).
 H - a +0 pair of boots of flying (worn)
 L - a +1 pair of boots of running
 Q - the +0 pair of boots of Fedhas' Esteem {rF+ rN+}
   (You found it on level 13 of the Dungeon)

   It protects you from fire.
   It protects you from negative energy.
Magical devices
 n - a wand of teleportation (5)
 z - a wand of teleportation (1)
 G - a wand of digging (16) {unknown}
 P - a wand of flame (21)
 S - a wand of frost (9)
 W - a wand of lightning (2)
Comestibles
 d - 3 bread rations
 h - a beef jerky
 E - a meat ration
 V - a sausage
Scrolls
 a - a scroll of enchant armour
 b - a scroll of amnesia
 c - 2 scrolls of recharging
 f - 7 scrolls of remove curse
 p - 2 scrolls of blinking
 q - 6 scrolls of identify
 w - 5 scrolls of fog
 x - 8 scrolls of teleportation
 N - a scroll of magic mapping
 O - a scroll of fear
Jewellery
 g - a cursed ring of teleportation {unknown}
 r - a cursed ring of see invisible (right hand)
 s - a ring of sustenance (left hand)
 v - an uncursed ring of sustain abilities
 C - an amulet of faith (around neck)
 I - an uncursed ring of fire
 J - an uncursed ring of protection from cold
 K - a +3 ring of evasion
 R - an uncursed ring of ice
 T - an uncursed ring of protection from cold
 U - an uncursed ring of magical power
Potions
 i - a potion of restore abilities
 k - a potion of agility
 m - 2 potions of resistance
 A - a potion of berserk rage
 M - 3 potions of heal wounds
 X - 11 potions of curing
 Y - a potion of magic
Books
 o - the Almanac of Combed Thunderclap
   (You found it on level 12 of the Dungeon)

   Spells                             Type                      Level
   Repel Missiles                     Charms/Air                   2
   Flight                             Charms/Air                   3
 u - the Grimoire of Dhcmrlchtdj
   (You found it on level 12 of the Dungeon)

   Spells                             Type                      Level
   Passage of Golubria                Translocation                4
   Dispersal                          Translocation                6
 y - the Papyrus of Axaxaxas mlö
   (You found it on level 12 of the Dungeon)

   Spells                             Type                      Level
   Ozocubu's Armour                   Charms/Ice                   3
   Bolt of Cold                       Conjuration/Ice              6


   Skills:
 + Level 13.8 Fighting
 + Level 20.9 Maces & Flails
 + Level 14.3 Armour
 + Level 12.4 Dodging
   Level 3.6 Shields


You had 14 spell levels left.
You didn't know any spells.

Dungeon Overview and Level Annotations

Branches:
Dungeon (15/15)            Temple (1/1) D:6             Orc (4/4) D:12
    Elf (0/3) Orc:4          Lair (8/8) D:10         Shoals (0/5) Lair:6
  Snake (0/5) Lair:3        Slime (0/6) Lair:7       Vaults (0/5) D:14
 Depths (0/5) D:15

Altars:
Ashenzari
Cheibriados
Dithmenos
Elyvilon
Fedhas
Kikubaaqudgha
Makhleb
Nemelex Xobeh
Okawaru
Sif Muna
Trog
Vehumet
Xom
Yredelemnul
Zin
The Shining One

Shops:
D:11 (   Orc:3 }   Orc:4 (:(*[

Portals:
Trove: D:11 (show abyssal rune of Zot)


Innate Abilities, Weirdness & Mutations

You reflexively headbutt those who attack you in melee.
You have a pair of horns on your head.
You are partially covered in slimy green scales (AC +2).
Your body is slowly deteriorating.
You are very frail (-20% HP).
Your magical capacity is low (-10% MP).


Message History

You are too injured to fight recklessly!
You are too injured to fight recklessly!
You are too injured to fight recklessly!
You are too injured to fight recklessly!
You bludgeon the frost giant!!
Space bends around the frost giant.
The frost giant is moderately wounded.
The frost giant hits you but does no damage.
You bludgeon the frost giant!!
Space bends around the frost giant.
The frost giant is heavily wounded.
You barely miss the frost giant.
The frost giant is heavily wounded.
The frost giant hits you but does no damage.
You thump the frost giant! You headbutt the frost giant.
The frost giant is severely wounded.
The frost giant blinks!
The frost giant casts a spell at you. The bolt of cold hits you!
* * * LOW HITPOINT WARNING * * *
The frost giant hits you with a battleaxe of freezing!
You die...

########..#
..........#
..........#
..........#
..........#
#######...#
+...'.#...######### #
#.>}#.#............
#.#.@C#.#............
#.#####(#...........
#.≈...≈.#...........
#.≈...≈.#..########.
#.≈.≈.≈.#..#
#.#.#(#.#..#
#≈..#(.≈#..##+#####
#≈≈...≈≈#..........
...####'####./.....###


You could see a frost giant.

Vanquished Creatures
  An orc warlord (Orc:4)
  Gastronok (Lair:3)
  The ghost of Elizilla the Bludgeoner, a powerful FoFi of Dithmenos (Lair:8)
  Snorg (Lair:7)
  2 vault guards (D:14)
  Fannar (D:14)
  Harold (D:13)
  5 hydras
  6 orc high priests (Orc:4)
  Urug (D:10)
  A centaur warrior (D:13)
  An unseen horror (D:13)
  3 hill giants
  A hill giant (shapeshifter) (D:14)
  3 orc knights
  An oklob plant (Lair:7)
  3 wizards (D:12)
  A cyclops (D:11)
  4 orc sorcerers
  2 griffons
  A mermaid (Lair:6)
  11 elephants
  2 black mambas
  A queen ant (Lair:5)
  2 kobold demonologists (D:14)
  4 gargoyles
  12 spiny frogs
  A yaktaur (D:14)
  An efreet (D:15)
  A merfolk (Lair:6)
  3 komodo dragons
  A centaur skeleton (D:11)
  A polar bear (Lair:1)
  9 trolls
  A slime creature (D:15)
  2 fire drakes
  15 blink frogs
  A queen bee (Lair:6)
  A fire dragon zombie (D:14)
  A hydra skeleton (D:15)
  2 basilisks
  A grizzly bear (shapeshifter) (D:14)
  2 shadows
  A grizzly bear (Lair:1)
  2 wraiths
  42 yaks
  A human (D:14)
  3 wyverns
  An elephant slug (Lair:2)
  A spriggan (D:7)
  19 ugly things
  Eustachio (D:5)
  5 sharks
  A deep elf fighter (D:10)
  The ghost of schwarznadel the Shield-Bearer, an average FoFi (D:3)
  A chaos spawn (Orc:4)
  10 hippogriffs
  3 hungry ghosts
  A warg (Orc:4)
  3 nagas (Lair:3)
  7 wolves
  A necrophage (D:9)
  7 water moccasins
  18 soldier ants (Lair:5)
  3 sky beasts
  2 giant goldfish
  4 ice beasts
  2 black bears
  23 orc warriors
  12 porcupines
  10 ogres
  19 centaurs
  7 phantoms
  2 yellow wasps
  Sigmund (D:5)
  7 crocodiles
  8 giant frogs
  9 giant slugs
  A wyvern zombie (D:10)
  3 big kobolds
  A komodo dragon skeleton (D:10)
  A cyclops skeleton (D:10)
  5 scorpions
  35 killer bees
  A hippogriff skeleton (D:9)
  A yak skeleton (D:8)
  5 wights
  A troll skeleton (D:7)
  2 electric eels
  3 centaur zombies
  4 goliath beetles
  5 crimson imps
  6 jellies
  28 orc priests
  8 hounds
  2 quasits
  4 big fish
  2 basilisk zombies
  7 iguanas
  2 giant frog skeletons
  A giant frog zombie (D:10)
  30 orc wizards
  28 worker ants
  4 sheep (Lair:7)
  Ijyb (D:2)
  2 ogre skeletons
  2 mottled dragon skeletons
  A mottled dragon zombie (D:13)
  3 mummies
  13 green rats
  4 gnolls (D:3)
  An orc skeleton (D:7)
  10 adders
  6 giant mites
  5 shadow imps
  A goliath beetle zombie (D:12)
  2 ufetubi (D:5)
  7 worms
  An iguana skeleton (D:7)
  7 giant geckos
  5 oozes
  171 orcs
  7 ball pythons
  A bat skeleton (D:6)
  11 giant cockroaches
  24 goblins
  20 hobgoblins
  33 jackals
  23 kobolds
  28 bats
  4 giant newts
  2 giant spores
  A hobgoblin skeleton (D:3)
  10 quokkas
  34 rats
  4 ballistomycetes
  2 fungi
  2 plants (Lair:8)
992 creatures vanquished.

Vanquished Creatures (others)
  The ghost of Herrn the Fighter, a powerful MiFi of Okawaru (Lair:4)
  2 vault guards (D:14)
  A hill giant (D:14)
  A wizard (D:12)
  A griffon (D:13)
  A black mamba (Lair:7)
  An elephant (Lair:8)
  A fire drake (Lair:6)
  An iron devil (Orc:4)
  A komodo dragon (Lair:6)
  3 trolls
  An ugly thing (D:11)
  2 yaks (Lair:7)
  A mottled dragon (D:14)
  2 soldier ants (Lair:5)
  2 orc warriors
  A sky beast (D:11)
  3 centaurs
  A giant slug (Lair:4)
  2 killer bees (Lair:6)
  An orc priest (D:12)
  3 worker ants (Lair:5)
  A giant eyeball (D:12)
  2 orcs
  A giant spore (D:14)
  14 fungi
  4 plants
55 creatures vanquished.

Grand Total: 1047 creatures vanquished

Notes
Turn   | Place    | Note
--------------------------------------------------------------
     0 | D:1      | Kae, the Minotaur Fighter, began the quest for the Orb.
     0 | D:1      | Reached XP level 1. HP: 19/19 MP: 1/1
   147 | D:1      | Reached XP level 2. HP: 16/26 MP: 1/1
   371 | D:1      | Reached skill level 4 in Maces & Flails
   603 | D:1      | Reached XP level 3. HP: 31/31 MP: 2/2
   801 | D:2      | Reached skill level 5 in Maces & Flails
   801 | D:2      | Reached XP level 4. HP: 22/39 MP: 2/2
   930 | D:2      | Found a blossoming altar of Fedhas.
   930 | D:2      | Noticed Ijyb
   957 | D:2      | Killed Ijyb
  1038 | D:2      | Found a burning altar of Makhleb.
  1269 | D:3      | Reached skill level 6 in Maces & Flails
  1302 | D:3      | Noticed schwarznadel's ghost (average FoFi)
  1321 | D:3      | Killed schwarznadel's ghost
  1321 | D:3      | Reached skill level 7 in Maces & Flails
  1321 | D:3      | Reached XP level 5. HP: 33/45 MP: 2/2
  1388 | D:3      | Noticed a moth of wrath
  1389 | D:3      | Found a bloodstained altar of Trog.
  1429 | D:3      | Reached XP level 6. HP: 45/51 MP: 3/3
  1719 | D:3      | Reached skill level 8 in Maces & Flails
  2137 | D:4      | Reached skill level 9 in Maces & Flails
  2137 | D:4      | Reached XP level 7. HP: 57/57 MP: 3/3
  2762 | D:5      | Entered Level 5 of the Dungeon
  2798 | D:5      | Reached skill level 10 in Maces & Flails
  2907 | D:5      | Noticed Eustachio
  2914 | D:5      | Noticed Sigmund
  2968 | D:5      | Killed Eustachio
  3195 | D:5      | Killed Sigmund
  3195 | D:5      | Reached skill level 11 in Maces & Flails
  3245 | D:5      | Reached XP level 8. HP: 64/64 MP: 3/3
  3613 | D:5      | Reached skill level 12 in Maces & Flails
  4174 | D:6      | Reached skill level 13 in Maces & Flails
  4511 | D:6      | Reached XP level 9. HP: 16/70 MP: 4/4
  4793 | D:6      | Found a staircase to the Ecumenical Temple.
  4803 | Temple   | Entered the Ecumenical Temple
  4830 | Temple   | Became a worshipper of Warmaster Okawaru
  5004 | D:6      | Identified a -3 rod of clouds (10/10) (You found it on level 3 of the Dungeon)
  5050 | D:6      | Reached skill level 14 in Maces & Flails
  5703 | D:7      | Acquired Okawaru's first power
  6065 | D:7      | Reached skill level 15 in Maces & Flails
  6761 | D:7      | Reached skill level 16 in Maces & Flails
  6898 | D:7      | Found a glowing silver altar of Zin.
  6916 | D:7      | Found a deep blue altar of Sif Muna.
  6919 | D:7      | Found a shadowy altar of Dithmenos.
  6922 | D:7      | Found a radiant altar of Vehumet.
  7188 | D:7      | Reached XP level 10. HP: 34/77 MP: 4/4
  7456 | D:8      | Got an ichor-stained plate armour
  7474 | D:8      | Identified the cursed +10 plate armour of the Barber Surgeon {Str-2 Dex-2} (You found it on level 8 of the Dungeon)
  8302 | D:9      | Got a distressingly furry plate armour
  8306 | D:9      | Identified the cursed -7 plate armour of Frabuwoc {SInv} (You found it on level 9 of the Dungeon)
  8744 | D:9      | Reached skill level 17 in Maces & Flails
  8980 | D:9      | Found a shimmering altar of Xom.
  9019 | D:10     | Entered Level 10 of the Dungeon
  9019 | D:10     | Noticed a hill giant
  9202 | D:10     | Noticed Urug
  9400 | D:9      | Killed a hill giant
  9735 | D:10     | Reached skill level 18 in Maces & Flails
  9870 | D:10     | Killed Urug
  9870 | D:10     | Reached skill level 1 in Dodging
 10124 | D:10     | Reached XP level 11. HP: 85/85 MP: 4/4
 10214 | D:9      | Reached skill level 5 in Armour
 10217 | D:9      | Reached skill level 5 in Fighting
 10705 | D:10     | Found a staircase to the Lair.
 10772 | Lair:1   | Entered Level 1 of the Lair of Beasts
 10802 | Lair:1   | Acquired Okawaru's second power
 12035 | Lair:2   | Reached skill level 5 in Dodging
 12037 | Lair:2   | Received a gift from Okawaru
 12159 | Lair:2   | Identified a scroll of acquirement
 12166 | Lair:2   | Noticed a seven-headed hydra
 12172 | Lair:2   | Killed a seven-headed hydra
 12335 | Lair:2   | Reached skill level 10 in Armour
 12335 | Lair:2   | Reached XP level 12. HP: 99/103 MP: 5/5
 12877 | Lair:3   | Reached XP level 13. HP: 111/111 MP: 5/5
 13139 | Lair:3   | Paralysed by a potion of paralysis for 7 turns
 13167 | Lair:3   | Found a staircase to the Snake Pit.
 13335 | Lair:3   | Noticed Gastronok
 13352 | Lair:3   | Killed Gastronok
 13352 | Lair:3   | Received a gift from Okawaru
 13362 | Lair:3   | Got a warped great mace {god gift}
 13371 | Lair:3   | Identified the +13,+2 great mace of Trial by Ordeal {distort, Int+1} (Okawaru gifted it to you on level 3 of the Lair of Beasts)
 13979 | Lair:4   | Noticed Herrn's ghost (powerful MiFi)
 13999 | Lair:4   | Reached skill level 19 in Maces & Flails
 14089 | Lair:4   | Banished Herrn's ghost
 14395 | Lair:4   | Reached skill level 10 in Fighting
 14871 | Lair:5   | Received a gift from Okawaru
 14882 | Lair:5   | Got an ichor-stained dagger {god gift}
 16018 | Lair:6   | Found a staircase to the Shoals.
 16126 | Lair:6   | Found a dark tunnel.
 16764 | Lair:7   | Reached XP level 14. HP: 104/124 MP: 5/5
 16772 | Lair:7   | Reached skill level 10 in Dodging
 16853 | Lair:7   | Found a staircase to the Slime Pits.
 16926 | Lair:7   | Noticed Snorg
 16933 | Lair:7   | Killed Snorg
 17122 | Lair:7   | Got a transparent swamp dragon armour
 17264 | Lair:7   | Received a gift from Okawaru
 17285 | Lair:7   | Identified a +1 pair of boots of running (Okawaru gifted it to you on level 7 of the Lair of Beasts)
 17518 | Lair:8   | Entered Level 8 of the Lair of Beasts
 17780 | Lair:8   | Noticed Elizilla's ghost (powerful FoFi)
 17792 | Lair:8   | Killed Elizilla's ghost
 18201 | Lair:8   | Gained mutation: You are frail (-10% HP). [potion of mutation]
 18201 | Lair:8   | Gained mutation: Your magical capacity is low (-10% MP). [potion of mutation]
 18201 | Lair:8   | Gained mutation: You are partially covered in slimy green scales (AC +2). [potion of mutation]
 18808 | Lair:8   | Got a faintly glowing scale mail
 19182 | Lair:8   | Identified the cursed +10 scale mail of Purpose {rElec MR+ Acc-1 Stlth++} (You found it on level 8 of the Lair of Beasts)
 19183 | Lair:8   | Identified the +3 swamp dragon armour of the Little Devil {rPois SInv} (You found it on level 7 of the Lair of Beasts)
 19183 | Lair:8   | Identified the +2,+3 dagger "Beetleslayer" {speed, Int-1 Curse} (Okawaru gifted it to you on level 5 of the Lair of Beasts)
 19832 | D:11     | Reached skill level 20 in Maces & Flails
 19871 | D:11     | Found a portal to a secret trove of treasure.
 19961 | D:11     | Found Deoquz's Antique Weapon Shop.
 20294 | D:12     | Found a staircase to the Orcish Mines.
 20839 | D:12     | Identified the Almanac of Combed Thunderclap (You found it on level 12 of the Dungeon)
 20841 | D:12     | Paralysed by something for 5 turns
 20926 | D:12     | Identified the Grimoire of Dhcmrlchtdj
 20931 | D:12     | Paralysed by a giant eyeball for 2 turns
 20952 | D:12     | Identified the Papyrus of Axaxaxas mlö
 21242 | D:12     | Found a snail-covered altar of Cheibriados.
 21524 | Orc:1    | Entered Level 1 of the Orcish Mines
 22475 | Orc:3    | Found Eshrius' Gadget Shop.
 22539 | Orc:3    | Received a gift from Okawaru
 23364 | Orc:4    | Entered Level 4 of the Orcish Mines
 23394 | Orc:4    | Found Blil's Book Emporium.
 23415 | Orc:4    | Found Trekhlosy's Weapon Emporium.
 24393 | Orc:4    | Found Mnirpheiwn's Antique Weapon Shop.
 24664 | Orc:4    | Found a staircase to the Elven Halls.
 24697 | Orc:4    | Noticed an orc warlord
 24738 | Orc:4    | Killed an orc warlord
 24755 | Orc:4    | Reached XP level 15. HP: 71/121 MP: 5/5
 24855 | Orc:4    | Found a white marble altar of Elyvilon.
 24903 | Orc:4    | Found Khoohuq's General Store.
 24973 | Orc:4    | Found Ograosk's Antique Armour Shoppe.
 25071 | Orc:4    | Gained mutation: Your body is slowly deteriorating. [a neqoxec]
 25072 | Orc:4    | Gained mutation: You are very frail (-20% HP). [a neqoxec]
 25392 | D:13     | Got a pair of transparent boots
 25396 | D:13     | Identified the +0 pair of boots of Fedhas' Esteem {rF+ rN+} (You found it on level 13 of the Dungeon)
 25662 | D:13     | Noticed Harold
 25674 | D:13     | Killed Harold
 25794 | D:13     | Found a white marble altar of Elyvilon.
 25824 | D:13     | Received a gift from Okawaru
 26259 | D:14     | Paralysed by an orc sorcerer for 5 turns
 26317 | D:14     | Found a gate to the Vaults.
 27000 | D:14     | Noticed Fannar
 27012 | D:14     | Killed Fannar
 27397 | D:15     | Entered Level 15 of the Dungeon
 27692 | D:15     | Found a staircase to the Depths.
 27702 | D:15     | Slain by a frost giant

Action                   |  1- 3 |  4- 6 |  7- 9 | 10-12 | 13-15 || total
-------------------------+-------+-------+-------+-------+-------++-------
Melee: Flail             |    83 |    90 |    10 |       |       ||   183
       Morningstar       |       |    69 |   422 |   619 |    67 ||  1177
       Great mace        |       |       |       |       |  1498 ||  1498
Throw: Tomahawk          |       |     1 |       |     1 |     2 ||     4
Invok: Heroism           |       |       |       |       |     5 ||     5
Evoke: Wand              |       |       |     7 |     2 |    10 ||    19
  Use: Potion            |       |     1 |    10 |     5 |    11 ||    27
       Scroll            |       |       |    12 |    11 |     8 ||    31
 Stab: Invisible         |       |       |       |     5 |       ||     5
